 Dungeon Crawl Stone Soup version 0.19.0-2-gae57169 (console) character file.

12583 Kloppie the Basher (level 11, -7/68 HPs)
             Began as a Gargoyle Berserker on Nov 5, 2016.
             Was a High Priest of Trog.
             Hit by a large rock thrown by a cyclops (21 damage)
             ... on level 12 of the Dungeon.
             The game lasted 00:21:40 (10373 turns).

Kloppie the Basher (Gargoyle Berserker)            Turns: 10373, Time: 00:21:41

Health: -7/68      AC: 25    Str: 22    XL:     11   Next: 95%
Magic:  0/11       EV: 10    Int:  7    God:    Trog [*****.]
Gold:   785        SH:  0    Dex: 12    Spells: 0 memorised, 10 levels left

rFire  . . .     SeeInvis .     a - +1 flail
rCold  . . .     Gourm    .     d - +0 plate armour
rNeg   + . .     Faith    .     (no shield)
rPois  ∞         Spirit   +     (no helmet)
rElec  +         Reflect  .     o - +1 cloak
rCorr  +         Harm     .     b - +2 pair of gloves
MR     ++...                    (no boots)
Stlth  ..........               r - amulet of guardian spirit
                                K - +3 ring of evasion
                                E - ring of resist corrosion

@: regenerating
A: negative energy resistance 1, electricity resistance, unbreathing,
petrification resistance, rot immunity, AC +7
a: Berserk, Trog's Hand, Brothers in Arms, Burn Spellbooks, Renounce Religion


You were on level 12 of the Dungeon.
You worshipped Trog.
Trog was extremely pleased with you.
You were not hungry.

You visited 1 branch of the dungeon, and saw 12 of its levels.
You also visited: Ossuary.

You collected 785 gold pieces.

Inventory:

Hand Weapons
 a - a +1 flail (weapon)
 p - a +0 mace
Armour
 b - a +2 pair of gloves (worn)
 d - a +0 plate armour (worn)
 o - a +1 cloak (worn)
 y - a +2 shield
Jewellery
 r - an amulet of guardian spirit (around neck)
 E - a ring of resist corrosion (left hand)
 K - a +3 ring of evasion (right hand)
Wands
 m - a wand of teleportation (8/9)
 n - a wand of random effects (29/48)
 z - a wand of acid (10/15)
 G - a wand of acid (5/15)
 I - a wand of random effects (21/48)
 J - a wand of flame (30/48)
Scrolls
 e - a scroll of recharging
 f - 2 scrolls of enchant weapon
 i - 8 scrolls of remove curse
 j - 9 scrolls of teleportation
 k - 4 scrolls of enchant armour
 v - 7 scrolls of magic mapping
 F - a scroll of fear
 H - a scroll of identify
 M - a scroll of blinking
Potions
 g - 4 potions of flight
 l - a potion of heal wounds
 s - 2 potions of might
 u - 5 potions of lignification
 x - 6 potions of haste {unknown}
 A - 2 potions of brilliance {unknown}
 B - a potion of cancellation
 C - 6 potions of curing
 D - a potion of beneficial mutation {unknown}
Comestibles
 c - 13 bread rations
 h - 3 meat rations
 t - a fruit
 w - 2 beef jerkies


   Skills:
 + Level 7.7 Fighting
 - Level 12.6 Maces & Flails
 + Level 6.4 Armour
 - Level 1.5 Dodging
 - Level 12.0 Shields


You had 10 spell levels left.
You didn't know any spells.

Dungeon Overview and Level Annotations

Branches:
Dungeon (12/15)            Temple (0/1) D:5            Lair (0/6) D:10
    Orc (0/2) D:9

Altars:
Cheibriados
Dithmenos
Elyvilon
Hepliaklqana
Kikubaaqudgha
Okawaru
Uskayaw
Vehumet
Xom
Zin

Portals:
Trove: D:11 (give horn of Geryon)


Innate Abilities, Weirdness & Mutations

You are resistant to torment.
Your stone body is resilient. (AC +7)
You are immune to poison.
You resist negative energy. (rN+)
You are resistant to electric shocks. (rElec)
You can survive without breathing.
You are immune to petrification.
You are immune to rotting.


Message History

The cyclops throws a large rock.
The large rock hits you but does no damage.
You see here a large rock.
Two slime creatures merge to form a very large slime creature.
The cyclops throws a large rock.
The large rock closely misses you.
The large rock hits the hound!
Your skin crawls.
You feel resistant to hostile enchantments.
You feel somewhat more hungry.
The slime creature quivers.
The hound bites you but does no damage.
Two slime creatures merge to form an enormous slime creature.
The cyclops throws a large rock.
The large rock hits you but does no damage.
The hound bites you but does no damage.
The cyclops throws a large rock.
The large rock hits you!!
* * * LOW HITPOINT WARNING * * *
You see here a large rock.
The cyclops throws a large rock.
The large rock hits you!!
You die...

....# #.......# ...##
##.......## ....##
#.........# .....##
##.........## ###...##
##...........##
##...####.......##....##
##.......<..C..###....##
##.............###....##
##.....####@h..###....##
##....# ##....###....#
#....# ##.(..##....# #
##....## ##.J.......# ##
#......# ##.(......# .##
###.(..## ##..[...## ##
..# ####..##
##.....#####. #.# ##..##
##.J.###J... #.# ##..###
##.J.#..JJ..


You could see a slime creature, a cyclops and a hound.

Vanquished Creatures
  Pikel (D:7)
  A cyclops (D:11)
  A manticore (D:8)
  Joseph (D:7)
  The ghost of jehirs the Cleaver, a novice DsGl of Ashenzari (D:5)
  The ghost of Patchouli the Caller, a novice TeSu of Sif Muna (D:6)
  4 trolls
  A two-headed ogre (D:7)
  3 hornets
  2 slime creatures (D:12)
  5 hippogriffs
  A spriggan (D:8)
  A wraith (D:11)
  A wyvern (D:11)
  3 yaks (D:10)
  5 hungry ghosts
  A mottled dragon (D:12)
  Menkaure (D:6)
  A water moccasin (D:12)
  5 orc warriors
  A hornet zombie (D:7)
  A sky beast (D:7)
  4 black bears
  A necrophage (D:7)
  An ice beast (D:12)
  2 phantoms (D:4)
  3 wolves (D:10)
  An ogre (D:10)
  7 centaurs
  2 big kobolds
  8 bullfrogs
  2 elf zombies (Ossuary)
  2 scorpions
  A water moccasin skeleton (D:10)
  2 vampire bats (D:7)
  5 wights
  3 howler monkeys (D:10)
  4 electric eels (D:10)
  3 crimson imps
  2 centaur zombies (Ossuary)
  2 quasits
  2 bullfrog zombies
  5 orc priests
  12 hounds
  A jelly (D:8)
  3 centaur skeletons
  Ijyb (D:3)
  5 iguanas
  12 worker ants
  Terence (D:3)
  8 orc wizards
  A big kobold zombie (Ossuary)
  A hound zombie (D:8)
  3 mummies
  2 worker ant zombies (D:7)
  A howler monkey zombie (D:7)
  11 gnolls
  10 adders
  A shadow imp (D:11)
  An ooze (D:3)
  2 adder skeletons
  An adder zombie (D:10)
  2 worms (D:2)
  2 dart slugs
  7 leopard geckos
  32 orcs
  12 bats
  2 bat skeletons (D:7)
  A bat zombie (D:7)
  5 giant cockroaches
  4 goblins
  7 hobgoblins
  4 jackals (D:10)
  4 quokkas
  2 ball pythons
  A frilled lizard (D:1)
  A goblin zombie (Ossuary)
  12 hobgoblin zombies (Ossuary)
  14 kobolds
  8 kobold zombies (Ossuary)
  A leopard gecko skeleton (D:4)
  A leopard gecko zombie (D:5)
  9 orc zombies (Ossuary)
  A quokka zombie (D:6)
  8 rats
  A rat zombie (Ossuary)
322 creatures vanquished.

Vanquished Creatures (others)
  The ghost of AAAAA the Pandemonic, a novice OpWr of Makhleb (D:9)
  An orc warrior (D:9)
  3 slaves (D:7)
  A scorpion (D:7)
  3 howler monkeys (D:7)
  2 gnolls (D:7)
  4 orcs
  2 bat skeletons (D:7)
  A butterfly (D:7)
18 creatures vanquished.

Grand Total: 340 creatures vanquished

Notes
Turn   | Place    | Note
-------+----------+-------------------------------------------
     0 | D:1      | Kloppie the Gargoyle Berserker began the quest for the Orb.
     0 | D:1      | Reached XP level 1. HP: 14/14 MP: 1/1
   126 | D:1      | Reached XP level 2. HP: 13/19 MP: 2/2
   666 | D:2      | Reached ** piety under Trog
   666 | D:2      | Reached XP level 3. HP: 24/24 MP: 3/3
  1157 | D:3      | Reached XP level 4. HP: 29/29 MP: 4/4
  1276 | D:3      | Noticed Ijyb
  1295 | D:3      | Killed Ijyb
  1295 | D:3      | Reached XP level 5. HP: 29/33 MP: 5/5
  1383 | D:3      | Noticed Terence
  1393 | D:3      | Killed Terence
  1693 | D:3      | Found a snail-covered altar of Cheibriados.
  1866 | D:4      | Noticed a phantom
  1883 | D:3      | Reached skill level 5 in Maces & Flails
  1957 | D:4      | Killed a phantom
  1957 | D:4      | Reached XP level 6. HP: 28/39 MP: 6/6
  1985 | D:4      | Reached *** piety under Trog
  2079 | D:4      | Reached skill level 5 in Fighting
  2406 | D:4      | Reached XP level 7. HP: 35/44 MP: 7/7
  2629 | D:5      | Entered Level 5 of the Dungeon
  2688 | D:5      | Noticed jehirs's ghost (novice DsGl)
  2697 | D:5      | Killed jehirs's ghost
  2697 | D:5      | Reached XP level 8. HP: 51/51 MP: 8/8
  2737 | D:5      | Found an iron altar of Okawaru.
  2795 | D:5      | Found a hide-covered altar of Uskayaw.
  2809 | D:5      | Found a staircase to the Ecumenical Temple.
  3338 | D:6      | Received a gift from Trog
  3472 | D:6      | Reached skill level 5 in Shields
  3569 | D:6      | Found a sand-covered staircase.
  3575 | Ossuary  | Entered an ossuary
  3628 | Ossuary  | Reached **** piety under Trog
  3767 | Ossuary  | Reached XP level 9. HP: 44/55 MP: 9/9
  3955 | D:6      | Noticed Patchouli's ghost (novice TeSu)
  4038 | D:6      | Killed Patchouli's ghost
  4123 | D:6      | You fall through a shaft!
  4125 | D:7      | Noticed a two-headed ogre
  4458 | D:7      | Noticed Menkaure
  4471 | D:6      | Killed Menkaure
  4736 | D:7      | Noticed Pikel
  4761 | D:7      | Killed Pikel
  4761 | D:7      | Reached skill level 10 in Maces & Flails
  4862 | D:7      | Reached XP level 10. HP: 43/60 MP: 10/10
  5002 | D:7      | Noticed Joseph
  5020 | D:7      | Killed Joseph
  5319 | D:7      | Found a shimmering altar of Xom.
  5375 | D:7      | Found a radiant altar of Vehumet.
  5386 | D:7      | Found a hazy altar of Hepliaklqana.
  5405 | D:7      | Found an ancient bone altar of Kikubaaqudgha.
  5441 | D:7      | Found a white marble altar of Elyvilon.
  5448 | D:7      | Found a shadowy altar of Dithmenos.
  5602 | D:8      | Paralysed by fainting for 8 turns
  5702 | D:8      | Reached skill level 10 in Shields
  5718 | D:8      | Noticed a manticore
  5743 | D:8      | Killed a manticore
  5748 | D:8      | Reached ***** piety under Trog
  6740 | D:9      | Noticed AAAAA's ghost (novice OpWr)
  6764 | D:9      | Reached XP level 11. HP: 56/64 MP: 9/11
  6769 | D:9      | Killed AAAAA's ghost
  6834 | D:9      | Received a gift from Trog
  6884 | D:9      | Found a glowing silver altar of Zin.
  7185 | D:9      | Found a staircase to the Orcish Mines.
  7681 | D:10     | Entered Level 10 of the Dungeon
  7737 | D:10     | Found a staircase to the Lair.
  9416 | D:11     | Reached skill level 5 in Armour
  9504 | D:11     | Noticed a cyclops
  9521 | D:11     | Killed a cyclops
  9560 | D:11     | Found a portal to a secret trove of treasure.
  9879 | D:12     | Paralysed by fainting for 5 turns
 10060 | D:12     | Received a gift from Trog
 10367 | D:12     | Noticed a cyclops
 10373 | D:12     | Hit by a large rock thrown by a cyclops

Skill      XL: |  1  2  3  4  5  6  7  8  9 10 11 |
---------------+----------------------------------+-----
Fighting       | 4 5 7 |  7.7
Maces & Flails | 4 5 6 8 10 11 12 | 12.6
Armour         | 3 6 |  6.4
Shields        | 3 6 8 11 12 | 12.0
Dodging        | |  1.5

Action                   |  1- 3 |  4- 6 |  7- 9 | 10-12 || total
-------------------------+-------+-------+-------+-------++-------
Melee: Mace              |   113 |    15 |       |       ||   128
       Flail             |       |   168 |   613 |   917 ||  1698
Invok: Berserk           |     1 |     1 |     7 |     4 ||    13
       Trog's Hand       |       |     1 |     4 |     1 ||     6
  Use: Scroll            |       |       |    17 |     6 ||    23
       Potion            |       |       |       |     1 ||     1
 Stab: Distracted        |       |       |       |     1 ||     1
  Eat: Chunk             |     1 |     6 |    11 |    29 ||    47
       Beef jerky        |       |       |     1 |     1 ||     2
       Pizza             |       |       |     1 |     1 ||     2
       Royal jelly       |       |       |     1 |       ||     1
       Fruit             |       |       |     1 |       ||     1
       Meat ration       |       |       |       |     3 ||     3
Armor: Animal skin       |    24 |       |       |       ||    24
       Plate armour      |    53 |   177 |   627 |  1072 ||  1929
Dodge: Dodged            |    87 |    66 |   309 |   515 ||   977
